 Dungeon Crawl Stone Soup version 0.31.0-9-g3a7656b989 (webtiles) character file.

Game seed: 13155272660846158704

254 qw the Shooter (level 5, -1/41 HPs)
             Began as a Demigod Hunter on Feb 2, 2024.
             Slain by a river rat (7 damage)
             ... summoned by Eustachio
             ... on level 5 of the Dungeon.
             The game lasted 00:00:13 (3537 turns).

qw the Shooter (Demigod Hunter)                     Turns: 3537, Time: 00:00:13

Health: -1/41      AC:  5    Str: 12      XL:     5   Next: 59%
Magic:  7/7        EV: 11    Int: 11      God:
Gold:   257        SH:  0    Dex: 17 (19) Spells: 4/4 levels left

rFire   . . .        a - +0 shortbow
rCold   + . .        (shield currently unavailable)
rNeg    . . .        h - +0 ring mail
rPois   .            (no helmet)
rElec   .            (no cloak)
rCorr   .            (no gloves)
SInv    .            (no boots)
Will    .....        (no amulet)
Stlth   +            n - ring of protection from cold
HPRegen 0.26/turn    (no ring)
MPRegen 0.10/turn

%: no passive effects
@: unable to drink
A: high MP 1, forlorn, divine attributes, clumsy 1, sense surroundings 1, wild
magic 1, inability to drink after injury 1
a: no special abilities


You were on level 5 of the Dungeon.
You visited 1 branch of the dungeon, and saw 5 of its levels.

You collected 257 gold pieces.


Innate Abilities, Weirdness & Mutations

You have an increased reservoir of magic. (+10% MP)
You shall have no god before yourself.
Your divine heritage dramatically boosts your attributes as you level up.
You are clumsy. (Dex -2)
You passively map a small area around you.
Your spells are a little harder to cast, but a little more powerful.
You occasionally lose the ability to drink potions when taking damage.


   Skills:
 + Level 2.0 Fighting
 - Level 6.1 Ranged Weapons
 - Level 1.4 Armour
 - Level 2.0 Dodging
 - Level 0.8 Stealth


You had 4 spell levels left.
You didn't know any spells.
Your spell library was empty.

Inventory:

Hand Weapons
 a - a +0 shortbow (weapon)
Armour
 h - a +0 ring mail (worn)
Jewellery
 d - a ring of wizardry
 n - a ring of protection from cold (left hand)
Scrolls
 b - 4 scrolls of identify
 c - a scroll of amnesia {unknown}
 e - 2 scrolls of vulnerability {unknown}
Potions
 f - a potion of might
 m - 2 potions of curing

Dungeon Overview and Level Annotations

Branches:
Dungeon (5/15)             Temple (0/1) D:4

Annotations:
D:3 3 runed translucent doors, qw's ghost, amateur DjHu
D:5 Eustachio


Message History

Eustachio mumbles some strange words.
You shoot an arrow. The arrow hits the white imp.
The white imp is heavily wounded.
You shoot an arrow.
The arrow hits the white imp but does no damage.
The white imp is heavily wounded.
The white imp closely misses you.
You shoot an arrow. The arrow hits the white imp.
The white imp is severely wounded.
Eustachio gestures wildly while chanting.
The white imp hits you.
You feel threatened and lose the ability to drink potions!
The white imp freezes you. You resist. The ufetubus closely misses you.
The ufetubus hits you.
Eustachio gestures wildly while chanting.
Eustachio blinks!
You shoot an arrow. The arrow closely misses the white imp.
The ufetubus closely misses you. x2; The white imp misses you.
The ufetubus hits you. The ufetubus barely misses you.
The white imp hits you but does no damage.
You shoot an arrow. The arrow closely misses the white imp.
The ufetubus misses you. x2
The white imp hits you but does no damage.
The ufetubus hits you but does no damage. x2
You shoot an arrow. The arrow barely misses the white imp.
The ufetubus hits you. x2; The white imp hits you.
The white imp freezes you. You resist.
The ufetubus hits you but does no damage.
The ufetubus misses you.
You shoot an arrow. The arrow hits the white imp!
You kill the white imp!
The white imp disappears in a puff of smoke!
The ufetubus slips past you! The ufetubus hits you.
The ufetubus closely misses you.
You shoot an arrow. The arrow closely misses the ufetubus.
The ufetubus hits you.
The ufetubus hits you but does no damage.
The river rat bites you. The ufetubus barely misses you. x2
The river rat bites you!
You die...

, ..... , #!. * ,... , ,
##..*########## #.# *
,...,.......).# ##.#####
> #..*########.#
#.......
*#..#########.###.......
,
#..#...............####
##.##..#.####.#.######.#
,.......@rr@5.###.# #.#
##.##.#######.#.## #.# ,
,.. * ###.## #.# #.# *
#...# #.# # , #.### #.#
* , #.# #.# *, #.# * *
** #.# , , ,, #.#


You could see Eustachio, a river rat (summoned), an ufetubus (summoned) and a
rat (summoned).

Vanquished Creatures
  3 orc priests (D:4)
  An iguana (D:4)
  2 orc wizards (D:4)
  An adder (D:1)
  A ribbon worm (D:2)
  9 orcs
  9 endoplasms
  2 giant cockroaches
  7 goblins
  7 hobgoblins
  A quokka (D:2)
  9 ball pythons
  3 bats
  3 frilled lizards
  5 kobolds
  8 rats
71 creatures vanquished.

Notes
Turn   | Place    | Note
-------+----------+-------------------------------------------
     0 | D:1      | qw the Demigod Hunter began the quest for the Orb.
     0 | D:1      | Reached XP level 1. HP: 17/17 MP: 3/3
     0 | D:1      | 0 ||| qw: Version: 0.3-a-155-g5e7d8dd
     0 | D:1      | 0 ||| qw: Game counter: 230
     0 | D:1      | 0 ||| qw: Melee chars always use a shield: true
     0 | D:1      | 0 ||| qw: God list: Okawaru
     0 | D:1      | 0 ||| qw: Allow faded altars: false
     0 | D:1      | 0 ||| qw: Do Orc after clearing Dungeon:15 true
     0 | D:1      | 0 ||| qw: Do second Lair branch before Depths: true
     0 | D:1      | 0 ||| qw: Lair rune preference: random
     0 | D:1      | 0 ||| qw: Goals: Normal
     0 | D:1      | 0 ||| PLANNING D:1-11
   116 | D:1      | Reached skill level 4 in Ranged Weapons
   358 | D:1      | Reached XP level 2. HP: 24/24 MP: 4/4
   586 | D:1      | 586 ||| DROPPING scroll of butterflies.
   606 | D:2      | 606 ||| STAIRDANCE
   609 | D:2      | 609 ||| STAIRDANCE
   748 | D:2      | Reached XP level 3. HP: 29/29 MP: 5/5
  1305 | D:2      | 1305 ||| UPGRADING to +0 ring mail.
  1315 | D:2      | 1315 ||| DROPPING +0 leather armour.
  1316 | D:2      | 1316 ||| UPGRADING to ring of protection from cold.
  1317 | D:2      | 1317 ||| READING scroll labelled ONOHAX ATSYS.
  1317 | D:2      | 1317 ||| IDENTIFYING glowing sapphire potion
  1318 | D:2      | 1318 ||| READING scroll labelled QIENA BYZOCHEC.
  1319 | D:2      | 1319 ||| DROPPING potion of lignification.
  1337 | D:3      | Found a runed translucent gate.
  1337 | D:3      | Found a runed translucent gate.
  1431 | D:3      | 1431 ||| FLEEEEING.
  1750 | D:3      | Found a runed translucent gate.
  1765 | D:3      | Noticed qw's ghost (amateur DjHu)
  2124 | D:3      | 2124 ||| READING 3 scrolls of identify.
  2124 | D:3      | 2124 ||| IDENTIFYING sedimented amethyst potion
  2125 | D:3      | 2125 ||| READING 2 scrolls of identify.
  2125 | D:3      | 2125 ||| IDENTIFYING metallic clear potion
  2126 | D:3      | 2126 ||| READING scroll of identify.
  2126 | D:3      | 2126 ||| IDENTIFYING white potion
  2127 | D:3      | 2127 ||| READING scroll labelled MEUPRU SARRI.
  2128 | D:3      | 2128 ||| READING scroll labelled TUMOYH QYMNA.
  2129 | D:3      | 2129 ||| DROPPING potion of attraction.
  2248 | D:4      | Reached skill level 5 in Ranged Weapons
  2344 | D:4      | Found a staircase to the Ecumenical Temple.
  2449 | D:4      | Reached skill level 1 in Armour
  2449 | D:4      | Reached XP level 4. HP: 10/36 MP: 6/6
  2855 | D:4      | 2855 ||| DRINKING fuming blue potion.
  2855 | D:4      | Gained mutation: You occasionally lose the ability to drink
                  | potions when taking damage. [potion of mutation]
  2855 | D:4      | Gained mutation: Your spells are a little harder to cast,
                  | but a little more powerful. [potion of mutation]
  2855 | D:4      | Gained mutation: You are clumsy. (Dex -2) [potion of
                  | mutation]
  2855 | D:4      | Gained mutation: You passively map a small area around you.
                  | [potion of mutation]
  2856 | D:4      | 2856 ||| DRINKING murky green potion.
  2857 | D:4      | 2857 ||| DRINKING sapphire potion.
  2858 | D:4      | 2858 ||| DRINKING 3 grey potions.
  2862 | D:4      | Reached XP level 5. HP: 36/41 MP: 7/7
  2996 | D:4      | Reached skill level 6 in Ranged Weapons
  3267 | D:4      | 3267 ||| READING scroll labelled PITOFA JODOUCW.
  3293 | D:5      | Entered Level 5 of the Dungeon
  3466 | D:5      | Noticed Eustachio
  3467 | D:5      | 3467 ||| DRINKING potion of haste.
  3500 | D:5      | 3500 ||| RETREEEEATING.
  3502 | D:5      | 3502 ||| RETREEEEATING.
  3503 | D:5      | 3503 ||| RETREEEEATING.
  3536 | D:5      | HP: 9/41 [ufetubus[Eustachio] (2)]
  3537 | D:5      | Slain by a river rat

Levels and vault maps discovered:
D:1:      minmay_arrival_semitransparent, layout_basic, serial_glass,
          glass_columns_b, glass_columns_b
D:2:      layout_basic, serial_rivers, chequers_serial_rivers_micro_b,
          chequers_serial_rivers_large_b, chequers_serial_rivers_large_a,
          chequers_serial_rivers_room_a, chequers_serial_rivers_small_a,
          chequers_serial_rivers_micro_a
D:3:      layout_basic, mainiacjoe_overflow_catwalk,
          shapermc_ecumenical_altar_hornbeckon, gammafunk_ghost_split,
          bh_walls_and_bars
D:4:      layout_loops_ring, mainiacjoe_overflow_brackets,
          nicolae_ashenzari_skybound, minmay_temple_entry_nine_rooms
D:5:      layout_loops_ring, mainiacjoe_overflow_tiny_flanked, uniq_eustachio

Skill      XL: |  1  2  3  4  5 |
---------------+----------------+-----
Ranged Weapons | 4 5 6 |  6.1
Fighting       | 2 |  2.0
Dodging        | 2 |  2.0
Armour         | 1 |  1.4
Stealth        | |  0.8

Action                     |  1- 3 |  4- 6 || total
---------------------------+-------+-------++-------
   Fire: Shortbow          |   175 |   125 ||   300
    Use: Scroll            |     7 |     1 ||     8
         Potion            |       |     5 ||     5
 Armour: Leather armour    |    21 |       ||    21
         Ring mail         |    34 |   110 ||   144
  Dodge: Dodged            |    70 |    71 ||   141

Table legend:
 A = Non-vault XP
 B = Vault XP
 C = Vault XP percentage of total XP
 D = Non-vault monster count
 E = Vault monster count
 F = Vault count percentage of total count
                 A         B        C        D         E       F
            +---------+---------+-------+---------+---------+-------
      Total |     364 |       0 |   0.0 |      71 |       0 |   0.0
            +---------+---------+-------+---------+---------+-------
        D:1 |      38 |       0 |   0.0 |      16 |       0 |   0.0
        D:2 |      31 |       0 |   0.0 |      18 |       0 |   0.0
        D:3 |      30 |       0 |   0.0 |      17 |       0 |   0.0
        D:4 |     256 |       0 |   0.0 |      17 |       0 |   0.0
        D:5 |       9 |       0 |   0.0 |       3 |       0 |   0.0
            +---------+---------+-------+---------+---------+-------
